 Dungeon Crawl Stone Soup version 0.28-a0-577-gb193047a1f (webtiles) character file.

Game seed: 1926170012033117309

7333 iamoutofideas the Severer (level 11, 0/65 HPs)
             Began as a Hill Orc Gladiator on Oct 1, 2021.
             Was an Initiate of Gozag.
             Collided with a rock wall (23 damage)
             ... caused by a wretched star
             ... while paralysed
             ... on level 2 of the Abyss.
             The game lasted 00:17:30 (8721 turns).

iamoutofideas the Severer (Hill Orc Gladiator)      Turns: 8721, Time: 00:17:31

Health: 0/65       AC: 20    Str: 27    XL:     11   Next: 13%
Magic:  8/8        EV:  2    Int:  0    God:    Gozag
Gold:   1138       SH:  0    Dex: 12    Spells: 10/10 levels left

rFire   . . .      SeeInvis +   e - +4 war axe (vamp)
rCold   + + +      Faith    .   (no shield)
rNeg    . . .      Spirit   .   K - +6 scale mail of the Frog {Rampage rPois rC+++ Int-4}
rPois   +          Reflect  .   G - +1 helmet {SInv}
rElec   .          Harm     .   h - +1 cloak {Will+}
rCorr   +          Rampage  +   f - +0 pair of gloves
Will    +....      Rnd*Tele +   A - +2 pair of boots
Stlth   ..........              (no amulet)
HPRegen 0.20/turn               s - +6 ring of strength
MPRegen 0.11/turn               u - ring of resist corrosion

@: paralysed, slowed, lost intelligence, unable to read
A: [deformed body], [dopey 2], [frail 3], [low mp 2], [screaming 2],
[teleportitis 2], [inability to read while threatened]
a: Renounce Religion, Potion Petition, Call Merchant, Bribe Branch


You were on level 2 of the Abyss.
You worshipped Gozag.
Gozag was most pleased with you.
You visited 2 branches of the dungeon, and saw 11 of its levels.
You visited the Abyss 1 time.
You also visited: Bailey.

You collected 1393 gold pieces.
You spent 105 gold pieces at shops.
You paid 150 gold pieces to Gozag.

Inventory:

Hand Weapons
 a - a +0 war axe
 e - a +4 vampiric war axe (weapon)
 J - a +0 arbalest
Missiles
 d - 3 throwing nets
 l - 5 silver boomerangs (quivered)
 D - 98 bolts
Armour
 f - a +0 pair of gloves (worn)
 h - a +1 cloak of willpower (worn)
 i - a +0 plate armour
 A - a +2 pair of boots (worn)
 E - the +1 cloak of Starlight {*Dazzle EV+4 Stlth--}
   (You acquired it on level 7 of the Dungeon)

   It may blind those who miss an attack against the wearer in melee combat.
   EV:        It affects your evasion (+4).
   Stlth:     It makes you much less stealthy.
 G - a +1 helmet of see invisible (worn)
 K - the +6 scale mail of the Frog (worn) {Rampage rPois rC+++ Int-4}
   (You found it in a bailey)

   Int:       It affects your intelligence (-4).
   rC:        It renders you almost immune to cold.
   rPois:     It protects you from poison.
   Rampage:   It bestows one free step when moving towards enemies.
Jewellery
 n - a ring of magical power
 p - a ring of fire
 s - a +6 ring of strength (left hand)
 u - a ring of resist corrosion (right hand)
 w - a ring of positive energy
Wands
 b - a wand of iceblast (14)
 c - a wand of charming (8)
 j - a wand of polymorph (18)
 q - a wand of paralysis (9)
 x - a wand of flame (21)
 F - a wand of acid (8)
Scrolls
 m - 3 scrolls of teleportation
 y - a scroll of immolation
 z - a scroll of fog
 C - a scroll of blinking
 L - a scroll of enchant weapon
 M - a scroll of identify
 N - a scroll of fear {unknown}
Potions
 g - 2 potions of flight
 k - a potion of haste {unknown}
 o - 3 potions of curing {unknown}
 r - 2 potions of might
 t - 2 potions of resistance
 v - 2 potions of degeneration {unknown}
 B - 3 potions of lignification
 H - a potion of brilliance {unknown}
 I - a potion of mutation {unknown}


   Skills:
 * Level 8.0 Fighting
 + Level 16.9 Axes
 + Level 3.1 Crossbows
 - Level 1.7 Throwing
 + Level 6.6 Armour
 + Level 4.3 Dodging
 - Level 0.4 Evocations


You had 10 spell levels left.
You didn't know any spells.
Your spell library contained the following spells:

 Spells                   Type           Power      Damage    Failure   Level
 Scorch                   Fire           0%         2d5       93%         2
 Slow                     Hex            0%         N/A       93%         2
 Confusing Touch          Hex            0%         N/A       99%         3
 Flame Wave               Conj/Fire      0%         3d3       100%        4
 Yara's Violent Unravell  Hex/Tmut       0%         3d3       100%        5
 Summon Cactus Giant      Summ           0%         N/A       100%        6


Dungeon Overview and Level Annotations

Branches:
Dungeon (10/15)            Temple (1/1) D:7            Lair (0/6) D:9
 Bailey (visited)
    Orc: D:9-12

Altars:
Elyvilon
Fedhas
Gozag
Makhleb
Nemelex Xobeh
Okawaru
Qazlal
Sif Muna
Trog
Uskayaw
Yredelemnul
Zin
The Shining One
Beogh

Shops:
D:5 ?

Annotations:
D:7 3 runed translucent doors, exclusion: 3 doors, AttackTheMoon's ghost, novice DrTm
D:10 Erolcha


Innate Abilities, Weirdness & Mutations

[Armour fits poorly on your strangely shaped body.]
[You are very dopey. (Int -4)]
[You are extremely frail. (-30% HP)]
[Your magical capacity is very low. (-20% MP)]
[You frequently scream uncontrollably at your foes.]
[You are sometimes teleported next to monsters.]
[You sometimes lose the ability to read scrolls when taking damage.]


Message History

You slam into the stone wall!
The wretched star pulses with an eldritch light!
You feel frail.
You feel the urge to shout.
You feel a strong urge to scream.
The soul eater draws from the surrounding life force!
The wretched star pulses with an eldritch light!
Your body twists and deforms.
You are suddenly pulled into a different region of the Abyss!
You start resting.
HP restored.
You open the door.
There is an open door here.
You open the door.
You scream at the lurking horror!
A lurking horror comes into view.
Found 37 gold pieces and 18 arrows.
There is an open door here.
A wretched star comes into view.
There is an open door here.
The wretched star pulses with an eldritch light!
You feel weirdly uncertain.
You feel even more weirdly uncertain.
You lose the ability to read scrolls when threatened.
You close the door.
Your scale mail of the Frog prevents you from hitting the wretched star.
You hit the wretched star.
The wretched star is lightly damaged.
You slash the wretched star!
The wretched star is moderately damaged.
You barely miss the lurking horror.
Your body is wracked with pain!
You slash the wretched star!
The wretched star is heavily damaged.
The wretched star pulses with an eldritch light!
You feel stupid. x2
You have lost your intelligence.
The wretched star glows turbulently.
The lance of force hits you!
You feel threatened and lose the ability to read scrolls!
You are knocked back by the lance of force.
You slam into the rock wall!
You die...
Your body crumbles into a pile of gold.

. .#. .##. ...#
. # # #.. ...
##. #..## ...#
#..#.#..#
...#..##.#*#..#
........+@...#
........####'###
........# . ..#
.......*# #.. .#
....#.... #
....# .... ...#
#.. .### .....#
. # ...# .#
......($# #....#
..# #....#


You could see a wretched star.

Vanquished Creatures
  An orc knight (Bailey)
  A hornet (D:8)
  4 blink frogs (Abyss:2)
  A shadow (D:9)
  A ynoxinul (Abyss:2)
  3 yaks (D:9)
  A wyvern (D:9)
  3 vampire mosquitoes (D:10)
  An ice beast (D:8)
  A water moccasin (D:7)
  18 orc warriors
  4 black bears
  A necrophage (D:5)
  An ogre (D:6)
  2 centaurs
  5 bullfrogs
  A kobold brigand (D:8)
  2 scorpions (D:6)
  A water moccasin skeleton (D:5)
  6 killer bees (D:9)
  5 wights
  A howler monkey (D:6)
  2 centaur zombies
  A quasit (Abyss:2)
  2 hounds
  8 orc priests
  3 centaur skeletons
  2 iguanas
  7 orc wizards
  A killer bee zombie (D:7)
  3 howler monkey zombies
  8 adders
  A shadow imp (D:6)
  2 white imps
  A worm (D:3)
  A dart slug (D:1)
  51 orcs
  6 endoplasms
  3 giant cockroaches
  11 goblins
  10 hobgoblins
  3 jackals (D:1)
  A quokka (D:2)
  7 ball pythons
  A bat (D:1)
  5 frilled lizards
  11 kobolds
  10 rats
225 creatures vanquished.

Vanquished Creatures (others)
  7 fungi (D:9)
  A lurking horror (Abyss:2)
  6 plants (D:9)
14 creatures vanquished.

Grand Total: 239 creatures vanquished

Notes
Turn   | Place    | Note
-------+----------+-------------------------------------------
     0 | D:1      | iamoutofideas the Hill Orc Gladiator began the quest for
                  | the Orb.
     0 | D:1      | Reached XP level 1. HP: 18/18 MP: 1/1
   265 | D:1      | Reached XP level 2. HP: 22/25 MP: 2/2
   311 | D:1      | Found a faded altar of an unknown god.
   342 | D:1      | Reached skill level 5 in Axes
   735 | D:1      | Reached XP level 3. HP: 30/30 MP: 3/3
  1134 | D:1      | Reached skill level 6 in Axes
  1134 | D:1      | Reached XP level 4. HP: 4/37 MP: 4/4
  1487 | D:2      | Found a glowing golden altar of the Shining One.
  1982 | D:3      | Reached skill level 7 in Axes
  2176 | D:3      | Reached XP level 5. HP: 41/42 MP: 5/5
  2486 | D:4      | Reached skill level 1 in Armour
  2505 | D:4      | Reached skill level 8 in Axes
  2505 | D:4      | Reached XP level 6. HP: 37/50 MP: 6/6
  2589 | D:4      | Found a stormy altar of Qazlal.
  2813 | D:4      | Found a bloodstained altar of Trog.
  2951 | D:5      | Entered Level 5 of the Dungeon
  2962 | D:5      | Noticed a black bear
  2972 | D:5      | Killed a black bear
  3037 | D:5      | Reached skill level 9 in Axes
  3038 | D:5      | Found Meresm's Magic Scroll Boutique.
  3046 | D:5      | Noticed a necrophage
  3055 | D:5      | Killed a necrophage
  3056 | D:5      | Reached XP level 7. HP: 40/56 MP: 7/7
  3058 | D:5      | Bought a scroll of teleportation for 30 gold pieces
  3058 | D:5      | Bought a scroll of enchant weapon for 75 gold pieces
  3060 | D:5      | Identified a scroll of acquirement
  3060 | D:5      | Acquired a +1 cloak of willpower
  3224 | D:5      | Reached skill level 10 in Axes
  4013 | D:6      | Reached skill level 11 in Axes
  4022 | D:6      | Reached XP level 8. HP: 49/62 MP: 8/8
  4113 | D:6      | Reached skill level 12 in Axes
  4530 | D:7      | Acquired the +1 cloak of Starlight {*Dazzle EV+4 Stlth--}
  4530 | D:7      | Found the +1 cloak of Starlight {*Dazzle EV+4 Stlth--}
  4690 | D:7      | Found a staircase to the Ecumenical Temple.
  4901 | Temple   | Entered the Ecumenical Temple
  4917 | Temple   | Became a worshipper of Gozag Ym Sagoz the Greedy
  5054 | D:7      | Reached skill level 13 in Axes
  5060 | D:7      | Found a flagged portal.
  5097 | Bailey   | Entered a bailey
  5127 | Bailey   | Reached skill level 14 in Axes
  5353 | Bailey   | Noticed an orc knight
  5362 | Bailey   | Reached XP level 9. HP: 58/68 MP: 9/9
  5373 | Bailey   | Killed an orc knight
  5374 | Bailey   | Reached skill level 15 in Axes
  5780 | Bailey   | Reached skill level 1 in Crossbows
  5804 | Bailey   | Identified the +6 scale mail of the Frog {Rampage rPois
                  | rC+++ Int-4}
  6073 | D:7      | Found a runed translucent gate.
  6073 | D:7      | Found a runed translucent gate.
  6075 | D:7      | Found an opulent altar of Gozag.
  6076 | D:7      | Found a runed translucent gate.
  6077 | D:7      | Noticed AttackTheMoon's ghost (novice DrTm)
  6078 | D:7      | Noticed a troll
  6268 | D:7      | Found a white marble altar of Elyvilon.
  6560 | D:7      | Found an iron altar of Okawaru.
  6974 | D:8      | Noticed a hornet
  6987 | D:8      | Killed a hornet
  6988 | D:8      | Reached XP level 10. HP: 78/80 MP: 10/10
  7231 | D:8      | Reached skill level 5 in Fighting
  7477 | D:9      | Reached skill level 5 in Armour
  7485 | D:9      | Reached skill level 16 in Axes
  7841 | D:9      | Found a staircase to the Lair.
  8074 | D:10     | Entered Level 10 of the Dungeon
  8347 | D:10     | Found a roughly hewn altar of Beogh.
  8349 | D:10     | Noticed Erolcha
  8410 | D:10     | Cast into level 2 of the Abyss (Erolcha)
  8449 | Abyss:2  | Reached XP level 11. HP: 92/92 MP: 11/11
  8495 | Abyss:2  | Noticed a rakshasa
  8624 | Abyss:2  | Noticed a wretched star
  8625 | Abyss:2  | Noticed a soul eater
  8714 | Abyss:2  | Noticed a wretched star
  8720 | Abyss:2  | Lost intelligence.
  8721 | Abyss:2  | Collided with a rock wall

Illustrated notes

Levels and vault maps discovered:
D:1:      scummos_arrival_simple_fountains, layout_basic,
          basic_ecumenical_altar, kennysheep_nondescript, chequers_jeans
D:2:      layout_rooms, basic_altar
D:3:      layout_basic, mrwooster_statue_mirror, grunt_ministairs_14,
          corexii_leaking_fountain, minmay_misc_feat_plants, st_stairs_11
D:4:      layout_gridville, grunt_qazlal_clouds, marbit_many_paths
D:5:      layout_basic, serial_shops, shop, minmay_door_square
D:6:      layout_basic, serial_co_window_serial, co_window_paths_b,
          co_window_paths_b, co_window_paths_a, co_window_of_opportunity_a,
          co_window_corner_a, co_window_corner_ca, co_window_2corner,
          co_window_broadway_a, co_window_of_opportunity_b, glass_columns_c,
          glass_columns_c, glass_columns_a
D:7:      layout_loops_ring, kennysheep_okawaru_gauntlet,
          nicolae_elyvilon_temple_path, minmay_temple_entry_drinking_statues,
          serial_glass, glass_columns_a, glass_columns_a, glass_columns_a,
          glass_columns_a, glass_columns_a, glass_columns_a, glass_columns_b,
          glass_columns_a, ebering_ghost_gozag, enter_bailey_4
D:8:      layout_loops_cross
D:9:      layout_roguey, grunt_lair_entry_orc_guard_hut
D:10:     layout_basic, david_orc_5, uniq_erolcha
Temple:   compressed_dpeg_circular_temple
Abyss:2:  base: D:10, gammafunk_corrupted_shrine

Skill      XL: |  1  2  3  4  5  6  7  8  9 10 11 |
---------------+----------------------------------+-----
Axes           | 5 6 7 8 9 11 14 15 16 | 16.9
Armour         | 2 3 4 6 |  6.6
Fighting       | 4 7 8 |  8.0
Crossbows      | 3 |  3.1
Dodging        | 3 4 |  4.3
Throwing       | |  1.7
Evocations     | |  0.4

Action                   |  1- 3 |  4- 6 |  7- 9 | 10-12 || total
-------------------------+-------+-------+-------+-------++-------
Melee: War axe           |    70 |   160 |   239 |   207 ||   676
       Halberd           |       |       |     2 |       ||     2
 Fire: Arbalest          |       |       |    21 |       ||    21
Throw: Boomerang         |       |       |     5 |       ||     5
Evoke: Wand              |       |       |     2 |       ||     2
  Use: Potion            |     2 |       |     3 |       ||     5
       Scroll            |       |     2 |    11 |     3 ||    16
 Stab: Invisible         |       |       |     6 |     2 ||     8
       Distracted        |       |       |       |     3 ||     3
Armor: Leather armour    |    28 |    55 |    43 |       ||   126
       Skin              |     2 |       |       |       ||     2
       Ring mail         |       |       |    16 |       ||    16
       Scale mail        |       |       |    20 |    75 ||    95
Dodge: Dodged            |    62 |   117 |   218 |   135 ||   532

Table legend: (Time is in decaauts)
 A = Elapsed time spent in this place.
 B = Non-inter-level travel time spent in this place.
 C = Inter-level travel time spent in this place.
 D = Time resting spent in this place.
 E = Time spent auto-exploring this place.
 F = Levels seen in this place.
 G = Mean time per level.
                   A        B        C        D        E       F      G
               +--------+--------+--------+--------+--------+-----+--------+
         Total |   8695 |   8485 |    210 |   1460 |   5117 |  13 |  668.8 |
       Dungeon |   7614 |   7413 |    201 |    960 |   4982 |  10 |  761.4 |
        Temple |     25 |     16 |      9 |      0 |      0 |   1 |   25.0 |
         Abyss |    299 |    299 |      0 |     58 |    135 |   1 |  299.0 |
        Bailey |    756 |    756 |      0 |    442 |      0 |   1 |  756.0 |
               +--------+--------+--------+--------+--------+-----+--------+

Top non-repeatable levels by time:
     D:1: 1352 daAuts
     D:7: 1308 daAuts
     D:6: 1122 daAuts
  Bailey: 756 daAuts
     D:8: 641 daAuts
     D:9: 626 daAuts
     D:5: 617 daAuts
     D:4: 587 daAuts
     D:3: 587 daAuts
     D:2: 462 daAuts
    D:10: 307 daAuts
 Abyss:2: 299 daAuts
  Temple: 25 daAuts
